 Dungeon Crawl Stone Soup version 0.13-a0-2318-gf5ad1f9 (webtiles) character file.

294 Kae the Cudgeler (level 5, 0/46 HPs)
             Began as a Minotaur Berserker on July 10, 2013.
             Was a Priest of Trog.
             Killed from afar by an orc wizard (9 damage)
             ... with a puff of frost
             ... on Level 3 of the Dungeon.
             The game lasted 00:02:02 (2206 turns).

Kae the Cudgeler (Minotaur Berserker)               Turns: 2206, Time: 00:02:02

HP   0/46        AC  2     Str 21      XL: 5   Next: 39%
MP   1/1         EV 12     Int  5      God: Trog [***...]
Gold 107         SH  0     Dex 10      Spells:  0 memorised,  4 levels left

Res.Fire  : . . .   See Invis. : .   v - +2,+1 whip (flame)
Res.Cold  : . . .   Warding    : .   b - +0 animal skin
Life Prot.: . . .   Conserve   : .   (no shield)
Res.Poison: .       Res.Corr.  : .   (helmet restricted)
Res.Elec. : .       Clarity    : .   (no cloak)
Sust.Abil.: . .     Spirit.Shd : .   (no gloves)
Res.Mut.  : .       Stasis     : .   (no boots)
Res.Rott. : .       Flight     : .   (no amulet)
Saprovore : . . .                    (no ring)
                                     (no ring)

@: regenerating, quite resistant to hostile enchantments, unstealthy
A: retaliatory headbutt, horns 2
a: Burn Spellbooks, Berserk, Trog's Hand, Renounce Religion


You were on level 3 of the Dungeon.
You worshipped Trog.
Trog was greatly pleased with you.
You were very hungry.

You visited 1 branch of the dungeon, and saw 3 of its levels.

You collected 87 gold pieces.

Inventory:

Hand weapons
 a - a +0,+0 mace
 v - a +2,+1 whip of flaming (weapon)
Armour
 b - a +0 animal skin (worn)
Comestibles
 c - 2 bread rations
 i - an apple
 n - 10 sultanas
 q - a meat ration
Scrolls
 e - 2 scrolls of amnesia {unknown}
 f - 4 scrolls of identify {unknown}
 g - a scroll of fog {unknown}
 h - 4 scrolls of teleportation {unknown}
 k - a scroll of magic mapping {unknown}
 m - a scroll of remove curse {unknown}
 p - a scroll of curse jewellery {unknown}
 s - a scroll of fear {unknown}
 t - 3 scrolls of random uselessness {unknown}
Jewellery
 o - a +5 ring of protection {unknown}
Potions
 d - a potion of coagulated blood
 j - a potion of brilliance {unknown}
 l - 2 potions of curing {unknown}
 r - 2 potions of speed {unknown}
 u - a potion of restore abilities {unknown}


   Skills:
 - Level 3.6 Fighting
 + Level 7.4 Maces & Flails
 - Level 2.5 Armour
 - Level 2.1 Dodging


You had 4 spell levels left.
You didn't know any spells.

Dungeon Overview and Level Annotations

Branches:
Dungeon (3/27)

Altars:
Makhleb
Trog

Annotations
D:2 1 exclusion


Innate Abilities, Weirdness & Mutations

You reflexively headbutt those who attack you in melee.
You have a pair of horns on your head.


Message History

You are too injured to fight recklessly!
Unknown command.
You are too injured to fight recklessly!
You are too injured to fight recklessly!
You are too injured to fight recklessly!
Unknown command.
You hit the orc wizard but do no damage.
Your headbutt misses the orc wizard.
The orc wizard is heavily wounded.
The orc wizard casts a spell at you. The puff of flame hits you!
* * * LOW HITPOINT WARNING * * *
The orc hits you.
* * * LOW HITPOINT WARNING * * *
You barely miss the orc. Your headbutt misses the orc.
The orc is heavily wounded.
The orc wizard points at you and mumbles some strange words.
The puff of frost hits you!
One of your 3 green potions freezes and shatters!
You die...

... .##. #.# ..#.# #.#
..#.## #.# #.... #.#
#.#.. #.# #.#.# . #.#
#.#.# ...
##########.####.#)#......
...........).%..@o.......
######.......####o##....#
#.......# [.. .
#.......... ..#..
#.............. .#
#..............# #
#.......##.###.#
#.......# . .# #.......#


You could see an orc wizard and an orc.

Vanquished Creatures
  Sigmund (D:2)
  An orc priest (D:3)
  An adder (D:3)
  2 worms (D:3)
  2 orcs (D:3)
  A ball python (D:2)
  7 bats
  A giant cockroach (D:1)
  11 goblins
  7 hobgoblins
  4 jackals (D:1)
  9 kobolds
  A quokka (D:2)
  8 giant newts
  8 rats
64 creatures vanquished.

Notes
Turn   | Place    | Note
--------------------------------------------------------------
     0 | D:1      | Kae, the Minotaur Berserker, began the quest for the Orb.
     0 | D:1      | Reached XP level 1. HP: 19/19 MP: 0/0
   132 | D:1      | Reached skill level 4 in Maces & Flails
   146 | D:1      | Reached XP level 2. HP: 17/26 MP: 0/0
   220 | D:1      | Acquired Trog's second power
   621 | D:2      | Noticed Sigmund
   634 | D:2      | Killed Sigmund
   634 | D:2      | Reached skill level 6 in Maces & Flails
   634 | D:2      | Reached XP level 3. HP: 13/33 MP: 1/1
   634 | D:2      | Reached XP level 4. HP: 15/39 MP: 1/1
  1178 | D:2      | Noticed a moth of wrath
  1180 | D:2      | Found a bloodstained altar of Trog.
  1761 | D:3      | Found a burning altar of Makhleb.
  1987 | D:3      | Reached XP level 5. HP: 24/46 MP: 1/1
  2069 | D:3      | Reached skill level 7 in Maces & Flails
  2206 | D:3      | Killed from afar by an orc wizard

Action                   |  1- 3 |  4- 6 || total
-------------------------+-------+-------++-------
Melee: Mace              |    50 |    39 ||    89
       Whip              |       |    48 ||    48
Invok: Berserk           |     1 |       ||     1
       Trog's Hand       |       |     1 ||     1
 Stab: Sleeping          |       |     1 ||     1
